 Dungeon Crawl Stone Soup version 0.30.0-29-ga12c61a403 (webtiles) character file.

Game seed: 13594718410270968689

34 qw the Chopper (level 3, -2/23 HPs)
             Began as a Gargoyle Fighter on June 3, 2023.
             Slain by a goblin
             ... wielding a +0 dagger
             ... led by Robin
              (5 damage)
             ... on level 1 of the Dungeon.
             The game lasted 00:00:22 (938 turns).

qw the Chopper (Gargoyle Fighter)                    Turns: 938, Time: 00:00:22

Health: -2/23      AC:  6    Str: 21    XL:     3   Next: 31%
Magic:  3/3        EV: 17    Int:  8    God:
Gold:   16         SH:  0    Dex:  9    Spells: 2/2 levels left

rFire   + + .        Y - melded +0 war axe
rCold   + + .        c - melded +0 buckler
rNeg    + + +        b - melded +0 scale mail
rPois   inf          (helmet currently unavailable)
rElec   +            (cloak currently unavailable)
rCorr   +            e - melded +0 pair of gloves
SInv    .            n - melded +0 pair of boots
Will    .....        (amulet currently unavailable)
Stlth   +            (ring currently unavailable)
HPRegen 0.23/turn    (ring currently unavailable)
MPRegen 0.08/turn

%: no passive effects
@: wisp-form (expiring), flying
A: insubstantial, flying, no casting, sickness immunity, AC +3, tiny, negative
energy resistance 1, (electricity resistance), torment resistance 1,
petrification resistance
a: no special abilities


You were on level 1 of the Dungeon.
You were an insubstantial wisp.
You visited 1 branch of the dungeon, and saw 2 of its levels.

You collected 16 gold pieces.


Innate Abilities, Weirdness & Mutations

You are an insubstantial wisp.
Your tiny insubstantial body is highly resistant to most damage types.
You are flying.
Your equipment is entirely melded.
You are incapable of wielding weapons or throwing items.
You cannot cast spells.
You are immune to sickness and miasma.
((Your stone body is resilient. (AC +3)))
You are immune to poison.
You resist negative energy. (rN+)
((You are resistant to electric shocks. (rElec)))
You are resistant to unholy torment.
You are immune to petrification.


   Skills:
 - Level 3.2 Fighting
 + Level 3.3 Axes
 - Level 3.2 Armour
 - Level 3.2 Shields


You had 2 spell levels left.
You didn't know any spells.
Your spell library was empty.

Inventory:

Hand Weapons
 m - a +0 mace
 Y - a +0 war axe (melded)
Armour
 b - a +0 scale mail (melded)
 c - a +0 buckler (melded)
 e - a +0 pair of gloves (melded)
 n - a +0 pair of boots (melded)
Potions
 d - a potion of might
 f - a potion of cancellation {unknown}
 g - a potion of degeneration {unknown}
 h - a potion of flight {unknown}
 l - a potion of curing {unknown}

Dungeon Overview and Level Annotations

Branches:
Dungeon (2/15)

Altars:


Message History

The kobold closely misses you. The goblin misses you.
The goblin hits you but does no damage.
You touch Robin.
Robin is severely wounded.
The kobold barely misses you. The goblin hits you with a +0 dagger.
The goblin barely misses you.
You touch Robin but do no damage.
Robin is severely wounded.
The kobold hits you with a +0 short sword.
The goblin completely misses you. The goblin closely misses you.
You touch Robin.
Robin is almost dead.
Your transformation is almost over.
The kobold hits you but does no damage. The goblin barely misses you.
The goblin misses you.
You touch Robin but do no damage.
Robin is almost dead.
The kobold misses you. The goblin hits you but does no damage.
The goblin hits you with a +0 dagger.
You touch Robin but do no damage.
Robin is almost dead.
The kobold closely misses you. Robin hits you but does no damage.
The goblin barely misses you. The goblin hits you but does no damage.
You touch Robin.
You kill Robin!
The kobold completely misses you. The goblin barely misses you.
The goblin misses you.
You have reached level 3!
Your experience leads to an increase in your attributes!
Increase (S)trength, (I)ntelligence, or (D)exterity?
You feel stronger. x2
You completely miss the goblin. The kobold misses you. The goblin misses you.
The goblin hits you with a +0 dagger.
You touch the goblin.
You kill the goblin!
The kobold barely misses you. The goblin hits you but does no damage.
You closely miss the kobold. The kobold closely misses you.
The goblin hits you with a +0 dagger.
You die...

......# #........##.#.# #..#
......# #........##.#.# #..#
......# ####'######.#.###..#
......# #####.######.#.......
#.#.#.### #..........#.#..##.##
#.#.#...## #..~~~~..8.#.........
#.#.###..####..........#...###.##
#.#.####....#.##########.........
...............)v)........####...
#.#.##########.#gK....:##...##...
#.#.# #.#.#####.##...##.##
#.#.##########.#.###....+...+..##
........................#...#..##
........####.#.#.#####..#...#..##
........# #.#.#.# #............
........# #.#.#.####...###......
........# #.#..........#####..##


You could see a goblin (strong) and a kobold.

Vanquished Creatures
  Robin (D:1)
  2 endoplasms (D:1)
  A giant cockroach (D:1)
  6 goblins
  A hobgoblin (D:1)
  4 kobolds (D:1)
  2 ball pythons (D:1)
  2 bats (D:1)
  A frilled lizard (D:1)
  2 rats (D:1)
22 creatures vanquished.

Notes
Turn   | Place    | Note
-------+----------+-------------------------------------------
     0 | D:1      | qw the Gargoyle Fighter began the quest for the Orb.
     0 | D:1      | Reached XP level 1. HP: 14/14 MP: 1/1
     0 | D:1      | 0 ||| qw: Version: 0.2-a-103-g3a7daa1
     0 | D:1      | 0 ||| qw: Game counter: 953
     0 | D:1      | 0 ||| qw: Always use a shield: true
     0 | D:1      | 0 ||| qw: God list: Okawaru
     0 | D:1      | 0 ||| qw: Allow faded altars: false
     0 | D:1      | 0 ||| qw: Do Orc after D:15 true
     0 | D:1      | 0 ||| qw: Do second Lair branch before Depths: true
     0 | D:1      | 0 ||| qw: Lair rune preference: random
     0 | D:1      | 0 ||| qw: Plans: Normal, Zot:1-4, Slime:5, God:TSO, Crypt,
                  | Tomb, Pan, Hells, Abyss, Win
     0 | D:1      | 0 ||| PLANNING D:1-11
    51 | D:1      | 51 ||| Stepping ~*~*~tactically~*~*~ (stealth).
   147 | D:1      | 147 ||| Stepping ~*~*~tactically~*~*~ (hiding).
   148 | D:1      | 148 ||| Stepping ~*~*~tactically~*~*~ (hiding).
   153 | D:1      | Reached XP level 2. HP: 19/19 MP: 2/2
   500 | D:1      | 500 ||| DROPPING +0 club.
   902 | D:1      | 902 ||| UPGRADING to +0 pair of gloves.
   907 | D:1      | 907 ||| UPGRADING to +0 pair of boots.
   912 | D:1      | 912 ||| READING scroll labelled PUTUIRGHYUG.
   913 | D:1      | 913 ||| READING scroll labelled SEEQAVEPPUOGH.
   924 | D:2      | Noticed Robin
   927 | D:2      | Reached skill level 3 in Axes
   927 | D:2      | 927 ||| STAIRDANCE
   933 | D:1      | HP: 3/19 [goblin/+0 dagger[Robin] (2)]
   935 | D:1      | Killed Robin
   936 | D:1      | Reached XP level 3. HP: 5/23 MP: 3/3
   938 | D:1      | Slain by a goblin

Levels and vault maps discovered:
D:1:      dpeg_arrival_rooms_c, layout_basic
D:2:      layout_rooms, bh_walls_and_bars, uniq_robin, uniq_jessica

Skill      XL: |  1  2 |
---------------+-------+-----
Axes           | 2 3 |  3.3
Fighting       | |  3.2
Armour         | |  3.2
Shields        | |  3.2

Action                     || total
---------------------------++-------
  Melee: War axe           ||    44
         Unarmed           ||    10
    Use: Scroll            ||     2
 Armour: Scale mail        ||    21
         Skin              ||     6
  Dodge: Dodged            ||    35
  Block: Buckler           ||     7

Table legend:
 A = Non-vault XP
 B = Vault XP
 C = Vault XP percentage of total XP
 D = Non-vault monster count
 E = Vault monster count
 F = Vault count percentage of total count
                 A         B        C        D         E       F
            +---------+---------+-------+---------+---------+-------
      Total |      27 |      22 |  44.9 |      17 |       5 |  22.7
            +---------+---------+-------+---------+---------+-------
        D:1 |      27 |      17 |  38.6 |      17 |       2 |  10.5
        D:2 |       0 |       5 | 100.0 |       0 |       3 | 100.0
            +---------+---------+-------+---------+---------+-------
